 Dungeon Crawl Stone Soup version 0.32-a0-918-g0f22ef8d61 (console) character file.

Game seed: 3297534211234173272

84 jejorda2 the Poker (level 4, -4/61 HPs)
             Began as a Gnoll Berserker on Apr 11, 2024.
             Was a Believer of Trog.
             Killed from afar by a white imp (6 damage)
             ... with a puff of frost
             ... on level 3 of the Dungeon.
             The game lasted 00:03:22 (1576 turns).

jejorda2 the Poker (Gnoll Berserker)                Turns: 1576, Time: 00:03:23

Health: -4/61      AC:  2    Str: 18    XL:     4   Next: 45%
Magic:  5/5        EV: 12    Int:  6    God:    Trog [**....]
Gold:   113        SH:  0    Dex: 12    Spells: 5/5 levels left

rFire   . . .        a - +0 spear
rCold   . . .        (no shield)
rNeg    . . .        b - +0 animal skin
rPois   .            (no helmet)
rElec   .            (no cloak)
rCorr   +            (no gloves)
SInv    +            (no boots)
Will    .....        (no amulet) Stlth
                     l - ring of see invisible
HPRegen 0.30/turn    j - ring of resist corrosion
MPRegen 0.09/turn

%: no passive effects
@: berserking, very quick
A: fangs 1, strong nose, distributed training
a: Renounce Religion, Berserk, Trog's Hand


You were on level 3 of the Dungeon.
You worshipped Trog.
Trog was pleased with you.
You visited 1 branch of the dungeon, and saw 3 of its levels.

You collected 113 gold pieces.

Inventory:

Hand Weapons
 a - a +0 spear (weapon)
Missiles
 d - 6 poisoned darts (quivered)
Armour
 b - a +0 animal skin (worn)
Jewellery
 j - a ring of resist corrosion (right hand)
 l - a ring of see invisible (left hand)
Wands
 g - a wand of flame (13)
Scrolls
 f - a scroll of enchant weapon {unknown}
 h - 3 scrolls of identify {unknown}
 i - 2 scrolls of noise {unknown}
 k - a scroll of immolation {unknown}
 n - a scroll of blinking {unknown}
Potions
 c - 2 potions of curing {unknown}
 e - a potion of mutation {unknown}
 m - a potion of might {unknown}
 o - a potion of brilliance {unknown}
 p - a potion of resistance {unknown}


   Skills:
 + Level 6.6 Fighting
 + Level 1.2 Short Blades
 + Level 1.2 Long Blades
 + Level 1.2 Axes
 + Level 1.2 Maces & Flails
 + Level 6.6 Polearms
 + Level 1.2 Staves
 + Level 1.2 Ranged Weapons
 + Level 1.2 Throwing
 + Level 4.6 Armour
 + Level 4.6 Dodging
 + Level 1.2 Stealth
 + Level 1.2 Shields
 + Level 1.2 Unarmed Combat
 + Level 1.2 Spellcasting
 + Level 1.0 Conjurations
 + Level 1.0 Hexes
 + Level 1.0 Summonings
 + Level 1.0 Necromancy
 + Level 1.0 Translocations
 + Level 1.0 Fire Magic
 + Level 1.0 Ice Magic
 + Level 1.0 Air Magic
 + Level 1.0 Earth Magic
 + Level 1.0 Alchemy
 + Level 1.3 Invocations
 + Level 1.2 Evocations
 + Level 1.1 Shapeshifting


You had 5 spell levels left.
You didn't know any spells.
Your spell library was empty.

Dungeon Overview and Level Annotations

Branches:
Dungeon (3/15)

Altars:


Innate Abilities, Weirdness & Mutations

You have very sharp teeth.
Your uncanny sense of smell can sniff out nearby items.
Your experience applies equally to all skills.


Message History

You hit the white imp but do no damage.
You bite the white imp, but do no damage.
The white imp is moderately wounded.
The white imp gestures at you. The puff of frost hits you!
You hit the white imp but do no damage.
The white imp is moderately wounded.
The white imp barely misses you.
You closely miss the white imp.
The white imp is moderately wounded.
You barely miss the white imp.
The white imp is moderately wounded.
The white imp gestures at you. The puff of frost hits you!
You are too injured to fight recklessly!
You are too injured to fight recklessly!
You are too injured to fight recklessly!
You are too injured to fight recklessly!
You hit the white imp.
The white imp is heavily wounded.
The white imp gestures at you. The puff of frost hits you.
* * * LOW HITPOINT WARNING * * *
You hit the white imp.
The white imp is heavily wounded.
The white imp gestures at you. The puff of frost hits you.
* * * LOW HITPOINT WARNING * * *
You closely miss the white imp.
The white imp is heavily wounded.
A red film seems to cover your vision as you go berserk!
You feel yourself moving faster!
You feel mighty! The white imp gestures at you. The puff of frost hits you!
* * * LOW HITPOINT WARNING * * *
You closely miss the white imp.
The white imp is heavily wounded.
The white imp gestures at you. The puff of frost hits you.
You die...

...# #............#
...###............#
....##............##
....##.............#
...............!...#
...##...........(..#
...##..............#####
######...........!......
#(........#@.......
##..##.....5.......
##.##.#.###.......
.....#.# .(..... .# #.
....... ....... .......
.......


You could see a white imp.

Vanquished Creatures
  4 adders
  A dart slug (D:1)
  2 orcs (D:3)
  An endoplasm (D:3)
  2 goblins
  4 hobgoblins
  2 jackals (D:3)
  3 kobolds (D:1)
  3 quokkas
  A ball python (D:1)
  8 bats
  6 frilled lizards
  7 rats
44 creatures vanquished.

Notes
Turn   | Place    | Note
-------+----------+-------------------------------------------
     0 | D:1      | jejorda2 the Gnoll Berserker began the quest for the Orb.
     0 | D:1      | Reached XP level 1. HP: 23/23 MP: 1/1
   131 | D:1      | Reached XP level 2. HP: 29/29 MP: 2/2
   678 | D:2      | Reached XP level 3. HP: 33/35 MP: 3/3
   703 | D:2      | Reached ** piety under Trog
   822 | D:2      | Reached skill level 1 in Invocations
  1249 | D:2      | Reached skill level 1 in Short Blades
  1249 | D:2      | Reached skill level 1 in Long Blades
  1249 | D:2      | Reached skill level 1 in Axes
  1249 | D:2      | Reached skill level 1 in Maces & Flails
  1249 | D:2      | Reached skill level 1 in Staves
  1249 | D:2      | Reached skill level 1 in Ranged Weapons
  1249 | D:2      | Reached skill level 1 in Throwing
  1249 | D:2      | Reached skill level 1 in Stealth
  1249 | D:2      | Reached skill level 1 in Shields
  1249 | D:2      | Reached skill level 1 in Unarmed Combat
  1249 | D:2      | Reached skill level 1 in Spellcasting
  1249 | D:2      | Reached skill level 1 in Evocations
  1373 | D:3      | Reached skill level 1 in Shapeshifting
  1373 | D:3      | Reached XP level 4. HP: 41/41 MP: 5/5
  1475 | D:3      | Reached skill level 1 in Conjurations
  1475 | D:3      | Reached skill level 1 in Hexes
  1475 | D:3      | Reached skill level 1 in Summonings
  1475 | D:3      | Reached skill level 1 in Necromancy
  1475 | D:3      | Reached skill level 1 in Translocations
  1475 | D:3      | Reached skill level 1 in Fire Magic
  1475 | D:3      | Reached skill level 1 in Ice Magic
  1475 | D:3      | Reached skill level 1 in Air Magic
  1475 | D:3      | Reached skill level 1 in Earth Magic
  1475 | D:3      | Reached skill level 1 in Alchemy
  1575 | D:3      | HP: 1/61 [white imp/puff of frost (12)]
  1576 | D:3      | Killed from afar by a white imp

Illustrated notes

Levels and vault maps discovered:
D:1:      lightli_arrival_flooded_house, layout_basic
D:2:      layout_loops_ring, amethyst_killhole
D:3:      layout_basic, hellmonk_ecumenical_altar_heavens_door

Skill      XL: |  1  2  3  4 |
---------------+-------------+-----
Invocations    | 1 |  1.3
Short Blades   | 1 |  1.2
Long Blades    | 1 |  1.2
Axes           | 1 |  1.2
Maces & Flails | 1 |  1.2
Staves         | 1 |  1.2
Ranged Weapons | 1 |  1.2
Throwing       | 1 |  1.2
Stealth        | 1 |  1.2
Shields        | 1 |  1.2
Unarmed Combat | 1 |  1.2
Spellcasting   | 1 |  1.2
Evocations     | 1 |  1.2
Shapeshifting  | 1 |  1.1
Conjurations   | 1 |  1.0
Hexes          | 1 |  1.0
Summonings     | 1 |  1.0
Necromancy     | 1 |  1.0
Translocations | 1 |  1.0
Fire Magic     | 1 |  1.0
Ice Magic      | 1 |  1.0
Air Magic      | 1 |  1.0
Earth Magic    | 1 |  1.0
Alchemy        | 1 |  1.0
Fighting       | |  6.6
Polearms       | |  6.6
Armour         | |  4.6
Dodging        | |  4.6

Action                     |  1- 3 |  4- 6 || total
---------------------------+-------+-------++-------
  Melee: Spear             |   111 |    41 ||   152
         Bite              |     7 |     5 ||    12
  Throw: Dart              |       |     2 ||     2
 Invoke: Berserk           |       |     1 ||     1
   Stab: Sleeping          |     5 |       ||     5
 Armour: Animal skin       |    33 |    15 ||    48
  Dodge: Dodged            |    32 |    14 ||    46

Table legend: (Time is in decaauts)
 A = Elapsed time spent in this place.
 B = Non-inter-level travel time spent in this place.
 C = Inter-level travel time spent in this place.
 D = Time resting spent in this place.
 E = Time spent auto-exploring this place.
 F = Levels seen in this place.
 G = Mean time per level.
                   A        B        C        D        E       F      G
               +--------+--------+--------+--------+--------+-----+--------+
         Total |   1541 |   1470 |     71 |      0 |   1155 |   3 |  513.7 |
       Dungeon |   1541 |   1470 |     71 |      0 |   1155 |   3 |  513.7 |
               +--------+--------+--------+--------+--------+-----+--------+

Top non-repeatable levels by time:
     D:2: 678 daAuts
     D:1: 657 daAuts
     D:3: 205 daAuts
